 Dungeon Crawl Stone Soup version 0.21.1-1-g345015f (webtiles) character file.

169 nicolaieve the Chopper (level 5, 0/45 HPs)
             Began as a Minotaur Berserker on July 18, 2018.
             Was a Priest of Trog.
             Slain by Grinder (8 damage)
             ... on level 3 of the Dungeon.
             The game lasted 00:06:10 (1790 turns).

nicolaieve the Chopper (Minotaur Berserker)         Turns: 1790, Time: 00:06:10

Health: 0/45       AC:  4    Str: 23    XL:     5   Next: 25%
Magic:  4/4        EV: 12    Int:  4    God:    Trog [***...]
Gold:   110        SH:  0    Dex:  9    Spells: 4/4 levels left

rFire    . . .     SeeInvis .   a - +0 hand axe
rCold    . . .     Gourm    .   (no shield)
rNeg     . . .     Faith    .   g - +0 leather armour
rPois    .         Spirit   .   (helmet restricted)
rElec    .         Reflect  .   (no cloak)
rCorr    .         Harm     .   (no gloves)
MR       ++...                  j - +0 pair of boots
Stlth    +.........             (no amulet)
HPRegen  1.15/turn              (no ring)
MPRegen  0.09/turn              (no ring)

@: berserk cooldown, regenerating, slowed, very slow
A: retaliatory headbutt, horns 2
a: Berserk, Trog's Hand, Burn Spellbooks, Renounce Religion


You were on level 3 of the Dungeon.
You worshipped Trog.
Trog was most pleased with you.
You were very hungry.

You visited 1 branch of the dungeon, and saw 3 of its levels.

You collected 110 gold pieces.

Inventory:

Hand Weapons
 a - a +0 hand axe (weapon)
Armour
 g - a +0 leather armour (worn)
 j - a +0 pair of boots (worn)
Jewellery
 d - a +4 ring of intelligence {unknown}
 i - an uncursed ring of resist corrosion {unknown}
Scrolls
 b - a scroll of blinking {unknown}
 f - 2 scrolls of enchant armour {unknown}
 k - 4 scrolls of remove curse {unknown}
 l - a scroll of amnesia {unknown}
 n - 2 scrolls of identify {unknown}
 p - a scroll of fear {unknown}
 q - a scroll of teleportation {unknown}
Potions
 e - a potion of ambrosia {unknown}
 h - a potion of curing {unknown}
 o - 2 potions of brilliance {unknown}
Comestibles
 c - 6 rations
 m - 6 chunks of flesh


   Skills:
 - Level 3.6 Fighting
 + Level 7.2 Axes
 - Level 2.4 Armour
 - Level 2.1 Dodging


You had 4 spell levels left.
You didn't know any spells.

Dungeon Overview and Level Annotations

Branches:
Dungeon (3/15)

Altars:

Annotations:
D:3 Grinder


Innate Abilities, Weirdness & Mutations

You reflexively headbutt those who attack you in melee.
You have a pair of horns on your head.


Message History

You hit the fungus.
You destroy the fungus!
Grinder gestures at you. Pain shoots through your body!
Grinder gestures at you.
You suddenly lose the ability to move!
Grinder hits you!
* * * LOW HITPOINT WARNING * * *
You writhe in agony.
* * * LOW HITPOINT WARNING * * *
Grinder gestures at you. Pain shoots through your body!
* * * LOW HITPOINT WARNING * * *
You can move again.
Unknown command.
Your skin crawls.
You feel resistant to hostile enchantments.
You are feeling very hungry.
Grinder hits you!
You die...

#......# #........####.#.####
#......# ###########.........
#......# #.#.#.####
#......#################.#.#.####
#<.........%.....................
'......########..#######.#...####
#......# #...# #.##### #
####'####### ##5.## ###.########
####>......# #.@..# #...........
...........# ♣♣..P♣ #..........#
.########### ♣PP.♣ ###........#
.# ######## ♣♣.♣♣ #........# .#
#......# ♣. #........#
.####......# ♣♣ ##########
...##).....# ...##......#
%).##......#


You could see Grinder.

Vanquished Creatures
  A scorpion (D:3)
  Jessica (D:3)
  2 adders (D:2)
  2 oozes
  3 dart slugs
  2 leopard geckos
  5 giant cockroaches
  5 goblins
  7 hobgoblins
  2 jackals (D:2)
  A quokka (D:3)
  A ball python skeleton (D:3)
  5 bats
  5 frilled lizards
  9 kobolds
  10 rats
  2 fungi (D:3)
63 creatures vanquished.

Notes
Turn   | Place    | Note
-------+----------+-------------------------------------------
     0 | D:1      | nicolaieve the Minotaur Berserker began the quest for the Orb.
     0 | D:1      | Reached XP level 1. HP: 19/19 MP: 0/0
    44 | D:1      | Reached skill level 4 in Axes
   111 | D:1      | Reached XP level 2. HP: 26/26 MP: 1/1
   442 | D:1      | Reached skill level 5 in Axes
   660 | D:1      | Reached XP level 3. HP: 27/31 MP: 2/2
   950 | D:2      | Reached ** piety under Trog
  1213 | D:2      | Reached XP level 4. HP: 39/39 MP: 3/3
  1216 | D:2      | Reached skill level 6 in Axes
  1456 | D:3      | Noticed Jessica
  1464 | D:3      | Killed Jessica
  1464 | D:3      | Reached skill level 7 in Axes
  1464 | D:3      | Reached XP level 5. HP: 28/45 MP: 4/4
  1683 | D:3      | Reached *** piety under Trog
  1765 | D:3      | Noticed Grinder
  1768 | D:3      | Paralysed by Grinder for 3 turns
  1787 | D:3      | Paralysed by Grinder for 3 turns
  1790 | D:3      | Slain by Grinder

Skill      XL: |  1  2  3  4 |
---------------+-------------+-----
Axes           | 4 5 7 |  7.2
Fighting       | |  3.6
Armour         | |  2.4
Dodging        | |  2.1

Action                   |  1- 3 |  4- 6 || total
-------------------------+-------+-------++-------
Melee: Hand axe          |    71 |    61 ||   132
       Headbutt          |    10 |     8 ||    18
Invok: Berserk           |       |     2 ||     2
       Trog's Hand       |       |     2 ||     2
 Stab: Distracted        |     1 |       ||     1
  Eat: Chunk             |     1 |     3 ||     4
Armor: Leather armour    |    15 |    18 ||    33
Dodge: Dodged            |    43 |    36 ||    79
